 Dungeon Crawl Stone Soup version 0.19.5 (webtiles) character file.

11 Freeplumber the Grave Robber (level 2, -2/13 HPs)
             Began as a Vine Stalker Necromancer on Apr 6, 2017.
             Slain by a leopard gecko (3 damage)
             ... on level 1 of the Dungeon.
             The game lasted 00:05:46 (264 turns).

Freeplumber the Grave Robber (VSNe)                  Turns: 264, Time: 00:05:47

Health: -2/13      AC:  2    Str: 10    XL:     2   Next: 25%
Magic:  0/6        EV: 12    Int: 20    God:
Gold:   52         SH:  0    Dex: 14    Spells: 2 memorised, 3 levels left

rFire  . . .     SeeInvis .     i - +0 dagger
rCold  . . .     Gourm    .     a - +0 robe
rNeg   . . .     Faith    .     (no shield)
rPois  .         Spirit   +     (no helmet)
rElec  .         Reflect  .     (no cloak)
rCorr  .         Harm     .     (no gloves)
MR     .....                    (no boots)
Stlth  ++........               (no amulet)
                                (no ring)
                                (no ring)

@: brilliant, exhausted, slowed, very slow
A: fangs 2, magic shield, antimagic bite, no device heal 3, rot immunity
a: no special abilities


You were on level 1 of the Dungeon.
You were very full.

You visited 1 branch of the dungeon, and saw 1 of its levels.

You collected 52 gold pieces.

Inventory:

Hand Weapons
 i - a +0 dagger (weapon)
Missiles
 d - 5 poisoned needles
 h - 14 stones (quivered)
Armour
 a - a +0 robe (worn)
Scrolls
 f - a scroll of fear {unknown}
Books
 b - a book of Necromancy

   Spells                             Type                      Level
   a - Pain                           Necromancy                   1
   b - Animate Skeleton               Necromancy                   1
   c - Vampiric Draining              Necromancy                   3
   d - Regeneration                   Charms/Necromancy            3
   e - Animate Dead                   Necromancy                   4
   f - Control Undead                 Necromancy                   4
Comestibles
 c - a bread ration


   Skills:
 + Level 1.7 Dodging
 + Level 2.5 Stealth
 + Level 2.3 Spellcasting
 + Level 4.3 Necromancy


You had 3 spell levels left.
You knew the following spells:

 Your Spells              Type           Power        Failure   Level  Hunger
a - Pain                  Necr           ####         1%          1    #......
b - Animate Skeleton      Necr           N/A          1%          1    #......


Dungeon Overview and Level Annotations

Branches:
Dungeon (1/15)

Altars:


Innate Abilities, Weirdness & Mutations

You have extremely sharp teeth.
When hurt, damage is shared between your health and your magic reserves.
Your bite disrupts and absorbs the magic of your enemies.
Potions and wands cannot restore your health.
You are immune to rotting.


Message History

You kill the hobgoblin!
The rat bites you.
It was a potion of berserk rage.
A red film seems to cover your vision as you go berserk!
You feel yourself moving faster!
You feel mighty! The rat barely misses you.
The leopard gecko closely misses you.
Your frilled lizard skeleton bites the kobold but does no damage.
You feel a strong urge to attack something.
You feel your anger subside.
You puncture the rat!
You kill the rat!
You are no longer berserk.
You are exhausted.
You feel yourself slow down.
It was a potion of brilliance.
You feel clever all of a sudden. The rat bites you but does no damage.
The leopard gecko barely misses you.
The kobold throws a stone.
The stone hits you but does no damage. The rat bites you.
The leopard gecko bites you.
You die...

#...##....# .
#...###'#.#.#
#.......#.#.#
######..######.#.#
#.......####.#.#..
#....%.......#.#.#
#.†K....####.#(#.#
#........(.....(..
#@r.†..)........(.
#.l>Z.............
#.#########.##.#..
#.# #....... #.#
..#..... #..
##.#....# ###
....(.## ........
###.##.#


You could see a leopard gecko, a kobold, a rat and a friendly frilled lizard
skeleton.

Vanquished Creatures
  2 bats (D:1)
  A giant cockroach (D:1)
  A hobgoblin (D:1)
  2 jackals (D:1)
  A frilled lizard (D:1)
  2 rats (D:1)
9 creatures vanquished.

Vanquished Creatures (collateral kills)
  A goblin (D:1)
  A bat (D:1)
2 creatures vanquished.

Grand Total: 11 creatures vanquished

Notes
Turn   | Place    | Note
-------+----------+-------------------------------------------
     0 | D:1      | Freeplumber the Vine Stalker Necromancer began the quest for the Orb.
     0 | D:1      | Reached XP level 1. HP: 9/9 MP: 4/4
   144 | D:1      | Learned a level 1 spell: Animate Skeleton
   207 | D:1      | Reached XP level 2. HP: 7/13 MP: 4/6
   264 | D:1      | Slain by a leopard gecko

Action                   || total
-------------------------++-------
Melee: Dagger            ||    15
       Unarmed           ||     4
       Bite              ||     5
 Cast: Pain              ||     7
       Animate Skeleton  ||     2
  Use: Scroll            ||     1
       Potion            ||     2
  Eat: Bread ration      ||     1
Armor: Robe              ||     8
Dodge: Dodged            ||    28
